 Dungeon Crawl Stone Soup version 0.18-a0-717-g59c076b (webtiles) character file.

16033 Arkorax the Fighter (level 12, -2/126 HPs)
             Began as a Gargoyle Fighter on Dec 8, 2015.
             Was a High Priest of Okawaru.
             Slain by a komodo dragon (21 damage)
             ... on level 2 of the Lair of Beasts.
             The game lasted 00:26:41 (13160 turns).

Arkorax the Fighter (Gargoyle Fighter)             Turns: 13160, Time: 00:26:41

Health: -2/126     AC: 22    Str: 27    XL:     12   Next: 33%
Magic:  21/21      EV: 10    Int: 10    God:    Okawaru [*****.]
Gold:   540        SH:  0    Dex: 14    Spells: 0 memorised, 11 levels left

rFire  . . .     SeeInvis .     n - +3 battleaxe (freeze)
rCold  . . .     Clarity  .     R - +0 scale mail "Mipesubru" {rElec MP+9 Slay+3} (curse)
rNeg   + . .     SustAt   .     (shield currently unavailable)
rPois  ∞         Gourm    .     x - +1 helmet
rElec  +         Spirit   .     q - +0 cloak
rCorr  .         Dismiss  .     (no gloves)
rMut   .         Stasis   .     t - +0 pair of boots
MR     +....                    (no amulet)
Stlth  ..........               p - +3 ring of dexterity
                                E - ring of protection from magic

@: berserking, very quick, somewhat resistant to hostile enchantments, extremely
unstealthy
A: negative energy resistance 1, electricity resistance, unbreathing,
petrification resistance, rot immunity, AC +8
a: Heroism, Finesse, Renounce Religion


You were on level 2 of the Lair of Beasts.
You worshipped Okawaru.
Okawaru was extremely pleased with you.
You were not hungry.

You visited 3 branches of the dungeon, and saw 14 of its levels.

You collected 631 gold pieces.
You spent 91 gold pieces at shops.

Inventory:

Hand Weapons
 n - a +3 battleaxe of freezing (weapon)
Armour
 q - a +0 cloak (worn)
 t - a +0 pair of boots (worn)
 x - a +1 helmet (worn)
 R - the cursed +0 scale mail "Mipesubru" (worn) {rElec MP+9 Slay+3}
   (You found it on level 10 of the Dungeon)

   It affects your accuracy and damage with ranged weapons and melee attacks
   (+3).
   It insulates you from electricity.
   It affects your magic capacity (+9).
   It has a curse placed upon it.
Rods
 W - a -3 rod of shadows (11/11)
   (You found it on level 1 of the Lair of Beasts)
Jewellery
 b - an uncursed ring of fire
 p - a +3 ring of dexterity (right hand)
 E - a ring of protection from magic (left hand)
 Z - an uncursed ring of poison resistance {unknown}
Wands
 a - a wand of digging (18)
 u - a wand of enslavement (16)
 y - a wand of random effects (20)
 D - a wand of fire (0)
 N - a wand of magic darts (33)
 Q - a wand of hasting (5)
Scrolls
 e - 2 scrolls of magic mapping
 i - 2 scrolls of recharging
 o - 5 scrolls of enchant armour
 r - 9 scrolls of remove curse
 w - 4 scrolls of amnesia
 B - 3 scrolls of immolation
 C - 3 scrolls of fear
 J - a scroll of torment
Potions
 d - 4 potions of might
 f - 2 potions of agility {unknown}
 g - 2 potions of haste
 j - 6 potions of curing
 k - 2 potions of heal wounds
 l - 3 potions of lignification
 m - 2 potions of resistance
 s - 2 potions of poison
 v - 2 potions of invisibility
 F - a potion of flight
 G - a potion of mutation
 I - a potion of cure mutation
 M - a potion of magic
 Y - a potion of beneficial mutation {unknown}
Books
 c - a book of the Earth

   Spells                             Type                      Level
   a - Leda's Liquefaction            Hexes/Earth                  4
   b - Bolt of Magma                  Conjuration/Fire/Earth       5
   c - Statue Form                    Transmutation/Earth          6
   d - Iron Shot                      Conjuration/Earth            6
   e - Shatter                        Earth                        9
 A - a book of Power

   Spells                             Type                      Level
   a - Fulminant Prism                Conjuration/Hexes            4
   b - Iskenderun's Mystic Blast      Conjuration                  4
   c - Venom Bolt                     Conjuration/Poison           5
   d - Bolt of Magma                  Conjuration/Fire/Earth       5
   e - Iron Shot                      Conjuration/Earth            6
   f - Orb of Destruction             Conjuration                  7
   g - Spellforged Servitor           Conjuration/Summoning        7
 L - a book of Changes

   Spells                             Type                      Level
   a - Beastly Appendage              Transmutation                1
   b - Sticks to Snakes               Transmutation                2
   c - Spider Form                    Transmutation/Poison         3
   d - Ice Form                       Ice/Transmutation            4
   e - Blade Hands                    Transmutation                5
 X - a Fen Folio

   Spells                             Type                      Level
   a - Corpse Rot                     Necromancy                   2
   b - Stone Arrow                    Conjuration/Earth            3
   c - Leda's Liquefaction            Hexes/Earth                  4
   d - Summon Forest                  Summoning/Translocation      5
   e - Hydra Form                     Transmutation                6
   f - Summon Hydra                   Summoning                    7
Miscellaneous
 V - a disc of storms
Comestibles
 h - 2 beef jerkies
 z - 2 slices of pizza
 K - 16 fruits
 O - 2 meat rations
 P - 5 bread rations
 S - 4 royal jellies


   Skills:
 + Level 13.7 Fighting
 + Level 11.5 Axes
 * Level 10.0 Armour
   Level 3.2 Shields


You had 11 spell levels left.
You didn't know any spells.

Dungeon Overview and Level Annotations

Branches:
Dungeon (11/15)            Temple (1/1) D:4            Lair (2/8) D:11
    Orc: D:9-12

Altars:
Ashenzari
Cheibriados
Dithmenos
Elyvilon
Fedhas
Gozag
Kikubaaqudgha
Makhleb
Nemelex Xobeh
Okawaru
Pakellas
Qazlal
Ru
Sif Muna
Trog
Vehumet
Xom
Yredelemnul
Zin
The Shining One

Shops:
D:9 (


Innate Abilities, Weirdness & Mutations

You are resistant to torment.
Your stone body is resilient (AC +8).
You are immune to poison.
You resist negative energy.
You are resistant to electric shocks.
You can survive without breathing.
You are immune to petrification.
You are immune to rotting.


Message History

Press: ? - help, Shift-Dir - straight line, f - komodo dragon
Aim: a komodo dragon (moderately wounded)
The bolt of fire hits the komodo dragon.
The komodo dragon is severely wounded.
This wand has 1 charge left.
Evoke which item? (* to show all) (? for menu, Esc to quit)
Zapping:
D - a wand of fire (1)
Press: ? - help, Shift-Dir - straight line, f - hippogriff, p - komodo dragon
Aim: a hippogriff The bolt of fire hits the komodo dragon.
The komodo dragon is severely wounded.
The bolt of fire hits the hippogriff.
The hippogriff is moderately wounded.
This wand has 0 charges left.
The komodo dragon bites you!!
* * * LOW HITPOINT WARNING * * *
Unknown command.
Drink which item? (? for menu, Esc to quit)
A red film seems to cover your vision as you go berserk!
You feel yourself moving faster!
You feel mighty! The komodo dragon bites you!!
You die...

#..P# #......####
#..## ##....##
#...## ##.#.# #
#P...# ##..## #
##...# ##P..# #
#...# ##....# ####
#...# ##....####.#.
##..##
##........##..
#..@###.#.<.....#...
#.#.l#......#.......
#.#.#H....#......#..
##..#......÷........
#..##.............P
#.......#P.......P#
##......#.(.......#
###....#.##..##P##..
#.............####..


You could see a komodo dragon and a hippogriff.

Vanquished Creatures
  A hydra (Lair:2)
  2 hill giants (D:10)
  An unseen horror (D:10)
  Pikel (D:6)
  An ugly thing (D:11)
  An oklob plant (D:11)
  A black mamba (Lair:1)
  3 spiny frogs (Lair:1)
  A troll (D:10)
  A shadow (D:11)
  2 deep elf magi
  Eustachio (D:6)
  2 basilisks (Lair:2)
  2 hippogriffs
  3 hungry ghosts
  13 yaks
  Menkaure (D:7)
  Edmund (D:6)
  4 water moccasins
  Duvessa (D:6)
  3 orc warriors
  2 porcupines (Lair:2)
  3 ice beasts
  A wasp (D:11)
  4 phantoms
  2 slaves (D:6)
  3 sky beasts
  A black bear (D:8)
  6 ogres
  4 centaurs
  A big kobold (D:10)
  12 giant frogs
  4 crocodiles
  A wyvern zombie (D:11)
  2 gnoll sergeants
  Dowan (D:6)
  A wyvern skeleton (D:9)
  19 killer bees
  2 scorpions
  7 electric eels (D:10)
  2 spriggan skeletons (D:10)
  4 crimson imps
  A giant frog zombie (D:11)
  3 orc priests
  5 centaur skeletons
  3 giant frog skeletons
  8 hounds
  10 orc wizards
  2 jellies
  5 iguanas
  11 worker ants
  17 adders
  17 gnolls
  7 shadow imps
  16 river rats (Lair:1)
  An ooze (D:4)
  An adder zombie (D:5)
  3 worms
  An adder skeleton (D:4)
  4 giant geckos
  32 orcs
  4 bats
  5 hobgoblins
  9 jackals
  11 kobolds
  3 ball pythons
  7 giant cockroaches
  4 giant newts
  4 goblins
  2 jackal skeletons
  8 quokkas
  A quokka zombie (D:6)
  5 rats
  4 plants (D:11)
342 creatures vanquished.

Vanquished Creatures (others)
  A centaur skeleton (D:11)
  A hippogriff (D:11)
  A necrophage (D:6)
  A hound skeleton (D:6)
  An adder (D:10)
5 creatures vanquished.

Grand Total: 347 creatures vanquished

Notes
Turn   | Place    | Note
--------------------------------------------------------------
     0 | D:1      | Arkorax the Gargoyle Fighter began the quest for the Orb.
     0 | D:1      | Reached XP level 1. HP: 14/14 MP: 1/1
    69 | D:1      | Reached XP level 2. HP: 19/19 MP: 2/2
   422 | D:1      | Found a sparkling altar of Nemelex Xobeh.
  1165 | D:2      | Found an ancient bone altar of Kikubaaqudgha.
  1244 | D:3      | Reached XP level 3. HP: 21/24 MP: 3/3
  1261 | D:3      | Reached skill level 4 in Fighting
  1399 | D:3      | Found a sacrificial altar of Ru.
  1441 | D:3      | Reached XP level 4. HP: 27/30 MP: 4/4
  1863 | D:4      | Reached XP level 5. HP: 23/34 MP: 5/5
  1937 | D:4      | Found a staircase to the Ecumenical Temple.
  1950 | D:4      | Reached skill level 5 in Fighting
  1959 | Temple   | Entered the Ecumenical Temple
  2040 | Temple   | Became a worshipper of Warmaster Okawaru
  2273 | D:4      | Found an oddly glowing altar of Pakellas.
  2292 | D:4      | Noticed a phantom
  2336 | D:4      | Killed a phantom
  2336 | D:4      | Reached XP level 6. HP: 15/41 MP: 6/6
  2649 | D:4      | Reached skill level 6 in Fighting
  3004 | D:5      | Entered Level 5 of the Dungeon
  3082 | D:5      | Reached * piety under Okawaru
  3084 | D:5      | Reached XP level 7. HP: 31/47 MP: 7/7
  3086 | D:5      | Reached skill level 5 in Axes
  3106 | D:5      | Reached skill level 7 in Fighting
  3532 | D:5      | You fall through a shaft for 3 floors!
  3532 | D:8      | Found a sparkling altar of Nemelex Xobeh.
  3553 | D:8      | Reached XP level 8. HP: 38/53 MP: 5/8
  3598 | D:8      | Reached ** piety under Okawaru
  3897 | D:7      | Reached skill level 8 in Fighting
  3986 | D:6      | Noticed Dowan
  3989 | D:6      | Noticed Duvessa
  4004 | D:6      | Killed Duvessa
  4007 | D:6      | Killed Dowan
  4240 | D:6      | Reached skill level 9 in Fighting
  4253 | D:6      | Noticed Pikel
  4283 | D:6      | Killed Pikel
  4283 | D:6      | Reached *** piety under Okawaru
  4283 | D:6      | Reached XP level 9. HP: 48/62 MP: 9/9
  4358 | D:6      | Found a burning altar of Makhleb.
  4497 | D:6      | Noticed Eustachio
  4542 | D:6      | Killed Eustachio
  4557 | D:6      | Noticed Edmund
  4579 | D:6      | Killed Edmund
  4579 | D:6      | Reached skill level 10 in Fighting
  4586 | D:6      | Reached **** piety under Okawaru
  5288 | D:6      | Found a blossoming altar of Fedhas.
  5548 | D:5      | Found a stormy altar of Qazlal.
  5652 | D:5      | Got an ancient scythe
  5653 | D:5      | Identified the cursed +1 scythe of Saltpetre {freeze, Fragile Int+3 Dex+3} (You found it on level 5 of the Dungeon)
  6436 | D:6      | Reached skill level 11 in Fighting
  6625 | D:7      | Reached XP level 10. HP: 67/69 MP: 10/10
  7039 | D:7      | Noticed Menkaure
  7047 | D:7      | Killed Menkaure
  7692 | D:8      | Found a shattered altar of Ashenzari.
  7692 | D:8      | Found a blossoming altar of Fedhas.
  8111 | D:9      | Reached skill level 10 in Axes
  8112 | D:9      | Reached skill level 12 in Fighting
  8143 | D:9      | Found Ocihug's Weapon Emporium.
  8146 | D:9      | Bought a +0 battleaxe for 91 gold pieces
  8282 | D:9      | Found a sparkling altar of Nemelex Xobeh.
  8346 | D:9      | Reached ***** piety under Okawaru
  8455 | D:9      | Found a deep blue altar of Sif Muna.
  8496 | D:9      | Found a sacrificial altar of Ru.
  8912 | D:10     | Entered Level 10 of the Dungeon
  8976 | D:10     | Got a spiked scale mail
  8987 | D:10     | Identified the cursed +0 scale mail "Mipesubru" {rElec MP+9 Slay+3} (You found it on level 10 of the Dungeon)
  9362 | D:10     | Received a gift from Okawaru
  9362 | D:10     | Reached XP level 11. HP: 46/76 MP: 11/11
  9538 | D:10     | Reached skill level 5 in Armour
  9835 | D:10     | Noticed a hill giant
  9855 | D:10     | Killed a hill giant
 10272 | D:10     | Noticed a hill giant
 10287 | D:10     | Killed a hill giant
 10287 | D:10     | Received a gift from Okawaru
 10287 | D:10     | Reached skill level 13 in Fighting
 10515 | D:10     | Killed an unseen horror
 10906 | D:11     | Noticed an eight-headed hydra
 10906 | D:11     | Noticed a hill giant
 10906 | D:11     | Noticed a fire dragon
 11129 | D:11     | Found a staircase to the Lair.
 12024 | Lair:1   | Entered Level 1 of the Lair of Beasts
 12029 | Lair:1   | Reached XP level 12. HP: 82/84 MP: 12/12
 12508 | Lair:1   | Received a gift from Okawaru
 12927 | Lair:2   | Noticed a four-headed hydra
 12933 | Lair:2   | Killed a six-headed hydra
 12933 | Lair:2   | Reached skill level 10 in Armour
 13160 | Lair:2   | Slain by a komodo dragon

Vault maps used:
D:1:      dpeg_arrival_long_road, nemelex_xobeh_ov_fountains_minmay
D:2:      lemuel_coloured_pillars_altar
D:3:      nicolae_ru_awakened_eye
D:4:      kennysheep_little_box, minmay_temple_entry_overgrown, first_bread
D:5:      grunt_qazlal_clouds, gup_sewer_entry_spiral
D:6:      makhleb_blood_cavern_becter, fedhas_altar_2, uniq_pikel,
          uniq_eustachio, uniq_edmund, uniq_duvessa
D:7:      uniq_menkaure
D:8:      gammafunk_temple_overflow_elements, basic_altar
D:9:      overflow_temple_1_default, lemuel_blue_sif_altar, serial_shops,
          kennysheep_mini_moat, basic_altar
D:10:     hangedman_tell_no_tales
D:11:     dpeg_oklobed_lair, nicolae_sextant, minivault_12
Temple:   triangle_lava_temple_11
Lair:1:   st_stairs_7, serial_bayou_shore_b, lemuel_fruit_tree

Action                   |  1- 3 |  4- 6 |  7- 9 | 10-12 || total
-------------------------+-------+-------+-------+-------++-------
Melee: War axe           |   103 |   170 |   354 |   171 ||   798
       Battleaxe         |       |       |       |   464 ||   464
Invok: Heroism           |       |       |     3 |     4 ||     7
Evoke: Wand              |       |       |     3 |    16 ||    19
  Use: Potion            |       |     3 |       |     2 ||     5
       Scroll            |       |       |    14 |    20 ||    34
  Eat: Bread ration      |     1 |       |     1 |     2 ||     4
       Meat ration       |       |     1 |       |     1 ||     2
       Chunk             |       |       |     4 |    10 ||    14
       Fruit             |       |       |     2 |     4 ||     6
       Pizza             |       |       |     1 |     1 ||     2
       Beef jerky        |       |       |       |     2 ||     2
